 Dungeon Sprint DCSS version 0.24.1-8-ga250c9d538 (webtiles) character file.

Game seed: 6200351418093571971, levelgen mode: deterministic

45154 Atelerd the Victor of a Thousand Battles (level 14, -8/109 (110) HPs)
             Began as an Octopode Fighter on May 7, 2020.
             Was the Champion of Okawaru.
             Mangled by a shambling mangrove (20 damage)
             ... in the Dungeon (Sprint V: "Ziggurat Sprint").
             The game lasted 00:16:04 (2312 turns).

Atelerd the Victor of a Thousand Battles (OpFi)     Turns: 2312, Time: 00:16:05

HP:   -8/109 (110)  AC:  1    Str: 30    XL:     14   Next: 31%
MP:   19/29         EV: 25    Int: 22    God:    Okawaru [******]
Gold: 0             SH: 36    Dex: 23    Spells: 32/35 levels left

rFire    . . .     SeeInvis +   J - +14 obsidian axe {chop, +Fly SInv *Curse} (curse)
rCold    . . .     Gourm    .   K - +18 shield of the Gong {rElec rN+ MR+ EV-5}
rNeg     + . .     Faith    .   (helmet restricted)
rPois    +         Spirit   .   M - amulet of the Quahog {+Rage +Inv rElec rPois Str-3}
rElec    +         Reflect  .   w - +6 ring of dexterity
rCorr    .         Harm     .   x - +6 ring of dexterity
MR       +++..     NoTele   +   y - +6 ring of intelligence
Stlth    +++++.....             z - +6 ring of intelligence
HPRegen  0.28/turn              A - +6 ring of strength
MPRegen  0.21/turn              B - +6 ring of strength
                                P - ring "Taugaoc" {rElec SInv Stlth+}
                                R - ring of protection from magic

@: heroism, grasped by roots, berserk cooldown, mesmerised, very slightly
contaminated, slowed, constricted, studying Fire Magic, very slow
A: almost no armour, stealthy swim, amphibious, 8 rings, constrict 8, camouflage
1, gelatinous body 1, no potion heal 1, subdued magic 1
a: Heroism, Finesse, Renounce Religion, Evoke Berserk Rage, Evoke Invisibility,
Evoke Flight


You were in the Dungeon.
You worshipped Okawaru.
Okawaru was exalted by your worship.
You were very hungry.

You visited 1 branch

Inventory:

Hand Weapons
 a - a +0 war axe
 G - the +6 Majin-Bo {vamp, Archmagi MP+6 Int+6}
   (You found it in the Dungeon)

   It inflicts no extra harm, but heals its wielder when it wounds a living foe.
   It affects your intelligence (+6).
   It affects your magic capacity (+6).
 H - the +10 dark maul {crush}
   (You found it in the Dungeon)

   It inflicts extra damage upon your enemies.
 I - the +9 heavy crossbow "Sniper" {velocity, Acc+∞ SInv}
   (You found it in the Dungeon)

   Any bolt fired from it inflicts extra damage.
   It lets you see invisible.
 J - the cursed +14 obsidian axe (weapon) {chop, +Fly SInv *Curse}
   (You found it in the Dungeon)

   It inflicts extra damage upon your enemies.
   It lets you see invisible.
   It lets you fly.
   It curses itself when equipped.
   It has a curse placed upon it.
 L - the +8 rapier "Fatid" {drain, rElec Int+7}
   (You found it in the Dungeon)

   A truly terrible weapon, it drains the life of those it strikes.
   It affects your intelligence (+7).
   It insulates you from electricity.
Armour
 b - a +0 shield
 K - the +18 shield of the Gong (worn) {rElec rN+ MR+ EV-5}
   (You found it in the Dungeon)

   It affects your evasion (-5).
   It insulates you from electricity.
   It protects you from negative energy.
   It affects your resistance to hostile enchantments.
 V - the +8 chain mail of the Eight Boll Weevils {rElec}
   (You found it in the Dungeon)

   It insulates you from electricity.
Jewellery
 n - the cursed ring of Ytut {rElec Str-3}
   (You found it in the Dungeon)

   [ring of strength]

   It affects your strength (-3).
   It insulates you from electricity.
   It has a curse placed upon it.
 v - an uncursed ring of flight
 w - a +6 ring of dexterity (left tentacle)
 x - a +6 ring of dexterity (right tentacle)
 y - a +6 ring of intelligence (on tentacle)
 z - a +6 ring of intelligence (on tentacle)
 A - a +6 ring of strength (on tentacle)
 B - a +6 ring of strength (on tentacle)
 M - the amulet of the Quahog (around mantle) {+Rage +Inv rElec rPois Str-3}
   (You found it in the Dungeon)

   [amulet of rage]

   It affects your strength (-3).
   It insulates you from electricity.
   It protects you from poison.
   It lets you turn invisible.
   It lets you go berserk.
 N - an uncursed ring of fire
 O - an uncursed ring of stealth
 P - the ring "Taugaoc" (on tentacle) {rElec SInv Stlth+}
   (You found it in the Dungeon)

   [ring of stealth]

   It insulates you from electricity.
   It lets you see invisible.
   It makes you more stealthy.
 Q - the amulet "Nidam" {Acrobat Str+2 Dex+2}
   (You took it off a vampire in the Dungeon)

   [amulet of the acrobat]

   It helps you evade while moving and waiting.
   It affects your strength (+2).
   It affects your dexterity (+2).
 R - a ring of protection from magic (on tentacle)
 S - the ring "Nilo" {*Slow rElec rF+ rCorr Int+3 Dex+3}
   (You found it in the Dungeon)

   [ring of resist corrosion]

   It affects your intelligence (+3).
   It affects your dexterity (+3).
   It protects you from fire.
   It insulates you from electricity.
   It provides partial protection from all sources of acid and corrosion.
   It may slow you when you take damage.
 U - an uncursed ring of protection from magic
 W - a +3 ring of strength
 X - the macabre finger necklace {rN+}
   (You found it in the Dungeon)

   [amulet of nothing]

   It protects you from negative energy.
Wands
 C - a wand of disintegration (7)
 D - a wand of iceblast (7)
 E - a wand of acid (7)
Scrolls
 j - 4 scrolls of blinking
 p - 4 scrolls of amnesia
 q - 7 scrolls of fog
 r - a scroll of holy word
 s - 5 scrolls of identify
 t - 5 scrolls of remove curse
 u - 2 scrolls of fear
 Y - 2 scrolls of brand weapon
Potions
 c - 6 potions of might
 e - 10 potions of curing
 f - 10 potions of heal wounds
 g - 6 potions of haste
 h - 7 potions of magic
 i - 3 potions of berserk rage
 k - 2 potions of brilliance
 l - 2 potions of invisibility
 m - 4 potions of resistance
 o - 5 potions of agility
Books
 T - a manual of Fire Magic
Miscellaneous
 F - a lightning rod (4/4)
 Z - a lightning rod (4/4)
Comestibles
 d - 5 rations


   Skills:
 + Level 15.3(20.3) Fighting
 + Level 15.3(20.3) Axes
 + Level 15.3(20.3) Dodging
 + Level 15.3(20.3) Shields
 + Level 11.2 Spellcasting
 * Level 12.2 Fire Magic
 + Level 16.6 Invocations
 - Level 12.8 Evocations


You had 32 spell levels left.
You knew the following spells:

 Your Spells              Type           Power        Failure   Level  Hunger
a - Regeneration          Chrm/Necr      #.........   13%         3    None

Your spell library contained the following spells:

 Spells                   Type           Power        Failure   Level  Hunger
 Flame Tongue             Conj/Fire      ####.        1%          1    None
 Throw Flame              Conj/Fire      ####..       1%          2    None
 Conjure Flame            Conj/Fire      ####....     1%          3    None
 Inner Flame              Hex/Fire       ####....     1%          3    None
 Ignite Poison            Fire/Tmut/Pois ###.....     2%          3    None
 Sticky Flame             Conj/Fire      ####....     3%          4    #......
 Animate Skeleton         Necr           N/A          4%          1    None
 Apportation              Tloc           #.....       4%          1    None
 Confusing Touch          Hex            #.....       4%          1    None
 Corona                   Hex            #......      4%          1    None
 Pain                     Necr           #...         4%          1    None
 Sandblast                Erth           #.....       4%          1    None
 Shock                    Conj/Air       #...         4%          1    None
 Sting                    Conj/Pois      #...         4%          1    None
 Summon Butterflies       Summ           #.......     4%          1    None
 Summon Small Mammal      Summ           #...         4%          1    None
 Ensorcelled Hibernation  Hex/Ice        #.....       7%          2    None
 Passwall                 Tmut/Erth      #.......     7%          2    None
 Poisonous Vapours        Pois/Air       #.....       7%          2    None
 Fireball                 Conj/Fire      ####......   10%         5    ####...
 Confuse                  Hex            #.......     13%         3    None
 Dazzling Spray           Conj/Hex       #.....       13%         3    None
 Gell's Gravitas          Tloc           #.........   13%         3    None
 Lesser Beckoning         Tloc           #.........   13%         3    None
 Mephitic Cloud           Conj/Pois/Air  #.......     13%         3    None
 Portal Projectile        Hex/Tloc       #.....       13%         3    None
 Static Discharge         Conj/Air       #.......     13%         3    None
 Stone Arrow              Conj/Erth      #.....       13%         3    None
 Tukima's Dance           Hex            #.......     13%         3    None
 Vampiric Draining        Necr           #.........   13%         3    None
 Animate Dead             Necr           N/A          43%         4    #......
 Force Lance              Conj/Tloc      #.......     43%         4    #......
 Iskenderun's Mystic Bla  Conj           #.......     43%         4    #......
 Olgreb's Toxic Radiance  Pois           #.......     43%         4    #......
 Petrify                  Tmut/Erth      #.......     43%         4    #......
 Summon Ice Beast         Ice/Summ       #.......     43%         4    #......
 Bolt of Fire             Conj/Fire      ####......   50%         6    ######.
 Agony                    Necr           #.......     80%         5    ####...
 Alistair's Intoxication  Tmut/Pois      #.......     80%         5    ####...
 Iskenderun's Battlesphe  Conj/Chrm      #.......     80%         5    ####...
 Lee's Rapid Deconstruct  Erth           #.........   80%         5    ####...
 Lightning Bolt           Conj/Air       #.........   80%         5    ####...
 Metabolic Englaciation   Hex/Ice        #.........   80%         5    ####...
 Venom Bolt               Conj/Pois      #.........   80%         5    ####...
 Yara's Violent Unravell  Hex/Tmut       #.........   80%         5    ####...
 Ignition                 Fire           ######....   91%         8    #######
 Ring of Flames           Chrm/Fire      ####......   98%         7    #######
 Bolt of Cold             Conj/Ice       #.........   100%        6    ######.
 Darkness                 Hex            #.........   100%        6    ######.
 Dispersal                Tloc           #.........   100%        6    ######.
 Freezing Cloud           Conj/Ice/Air   #.........   100%        6    ######.
 Invisibility             Hex            #.......     100%        6    ######.
 Malign Gateway           Summ/Tloc      #.........   100%        7    #######
 Monstrous Menagerie      Summ           #.........   100%        7    #######
 Orb of Destruction       Conj           #.........   100%        7    #######
 Summon Greater Demon     Summ           #.........   100%        7    #######
 Controlled Blink         Tloc           N/A          100%        8    #######
 Discord                  Hex            #.........   100%        8    #######
 Disjunction              Tloc           #.........   100%        8    #######
 Summon Horrible Things   Summ           #.........   100%        8    #######
 Shatter                  Erth           #.........   100%        9    #######
 Tornado                  Air            #.........   100%        9    #######


Dungeon Overview and Level Annotations

Branches:
Dungeon (1/1)

Altars:
Ashenzari
Cheibriados
Dithmenos
Elyvilon
Fedhas
Gozag
Hepliaklqana
Kikubaaqudgha
Makhleb
Nemelex Xobeh
Okawaru
Qazlal
Ru
Sif Muna
Trog
Uskayaw
Vehumet
Wu Jian
Xom
Yredelemnul
Zin
The Shining One
Beogh
Jiyva
Lugonu

Annotations:
D exclusion: oklob plant


Innate Abilities, Weirdness & Mutations

You cannot wear most types of armour.
You are very stealthy in the water. (Stealth+)
You are amphibious.
You can wear up to eight rings at the same time.
You can use your tentacles to constrict eight enemies at once.
Your skin changes colour to match your surroundings (Stealth+).
Your rubbery body absorbs attacks. (AC +1, EV +1)
Potions are less effective at restoring your health.
Your spells are a little easier to cast, but a little less powerful.


Message History

Okawaru accepts your kill.
Your Fire Magic skill increases to level 12!
You slash the shambling mangrove!
Visions of slaying the shambling mangrove flood into your mind.
Your smoke demon gestures at the spriggan rider.
The spriggan rider is smitten.
The spriggan dies!
Okawaru accepts your kill.
Unknown command.
You slice the shambling mangrove!!
You squeeze the shambling mangrove, but do no damage.
The shambling mangrove is heavily damaged.
Unknown command.
Unknown command.
You slash the shambling mangrove! You squeeze the shambling mangrove!!
The shambling mangrove is severely damaged.
You are no longer berserk.
You are exhausted.
You feel yourself slow down.
You die...

▓..%[}[).|=)..▓......|...
▓..|§§§Pb|))..▓..........
▓...§.§.......▓..........
▓...§§§.......▓.....))...
▓......§Y.....▓..▓.....▓.
▓.......§.....▓.▓.▓)..▓.▓
▓.....))fy....▓..▓.....▓.
..▓..[)f.3▓..▓...).©[...
▓ ▓.▓..)@.▓.▓ ▓▓▓▓▓▓▓▓▓▓▓
▓..▓.......▓..▓....8©8...
▓............P▓..)[.§..).
▓......©.....P▓...|§}}[.)
▓▓▓▓▓▓▓▓▓▓▓▓▓▓▓.(....)...
▓.....).... ▓..(.[)....
▓....)))... ▓..▓..().▓.


You could see a dire elephant, 2 shambling mangroves, an oklob plant, a hornet
and a friendly smoke demon.

Vanquished Creatures
  A greater mummy (D)
  2 liches (D)
  Frances (D)
  A thorn hunter (D)
  Aizul (D)
  Louise (D)
  2 vampire knights (D)
  A dire elephant (D)
  Nessos (D)
  A mummy priest (D)
  Snorg (D)
  A yaktaur captain (D)
  7 vault guards (D)
  A spriggan air mage (D)
  A shambling mangrove (D)
  A thrashing horror (D)
  A vampire mage (D)
  A satyr (D)
  6 spriggan berserkers (D)
  2 necromancers (D)
  Pikel (D)
  An ugly thing (D)
  A cyclops (D)
  A worldbinder (D)
  A naga mage (D)
  Psyche (D)
  3 yaktaurs (D)
  A dryad (D)
  3 guardian mummies (D)
  Grinder (D)
  A troll (shapeshifter) (D)
  Prince Ribbit (D)
  A flying skull (D)
  13 starcursed masses (D)
  3 shadows (D)
  A yak (D)
  3 vampires (D)
  2 ynoxinuls (D)
  Edmund (D)
  3 nagas (D)
  A chaos spawn (D)
  2 large abominations (D)
  2 hell hounds (D)
  6 water moccasins (D)
  Purgy (D)
  A tengu (shapeshifter) (D)
  A necrophage (D)
  A centaur (D)
  A wolf (D)
  Blork the orc (D)
  A bullfrog (shapeshifter) (D)
  3 wights (D)
  2 crimson imps (D)
  A quasit (D)
  2 iron imps (D)
  An iguana (D)
  2 mummies (D)
  2 adders (D)
  5 shadow imps (D)
  A white imp (D)
  2 ufetubi (D)
  An adder skeleton (D)
  4 adder zombies (D)
  5 ball pythons (D)
  A bat simulacrum (D)
  3 bat zombies (D)
  A jackal (D)
  A giant cockroach zombie (D)
  A jackal skeleton (D)
  A leopard gecko skeleton (D)
  2 leopard gecko zombies (D)
  A quokka simulacrum (D)
  A quokka zombie (D)
138 creatures vanquished.

Vanquished Creatures (collateral kills)
  A lich (D)
  A yaktaur captain (D)
  A centaur warrior (D)
  An ugly thing (D)
  A guardian mummy (D)
  A spriggan (D)
  A vampire (D)
  2 starcursed masses (D)
  2 white imps (D)
  An adder zombie (D)
12 creatures vanquished.

Vanquished Creatures (others)
  A shadow dragon (D)
  A yaktaur captain (D)
2 creatures vanquished.

Grand Total: 152 creatures vanquished

Notes
Turn   | Place    | Note
-------+----------+-------------------------------------------
     0 | D        | Atelerd the Octopode Fighter began the quest for the Orb.
     0 | D        | Reached XP level 1. HP: 16/16 MP: 1/1
     0 | D        | Found a shimmering blue altar of Sif Muna.
     0 | D        | Found a bloodstained altar of Trog.
     0 | D        | Found a sacrificial altar of Ru.
     0 | D        | Found a stormy altar of Qazlal.
     0 | D        | Found an iron altar of Okawaru.
     1 | D        | Found a sparkling altar of Nemelex Xobeh.
     1 | D        | Found a blossoming altar of Fedhas.
     2 | D        | Found the +6 Majin-Bo {vamp, Archmagi MP+6 Int+6}
     2 | D        | Found the +7 great mace "Firestarter" {inner flame, rF++}
     3 | D        | Found a transporter.
     3 | D        | Found an ancient bone altar of Kikubaaqudgha.
     3 | D        | Found a viscous altar of Jiyva.
     3 | D        | Found a corrupted altar of Lugonu.
     3 | D        | Found a hazy altar of Hepliaklqana.
     3 | D        | Found a burning altar of Makhleb.
     3 | D        | Found an opulent altar of Gozag.
    30 | D        | Found the +9 heavy crossbow "Sniper" {velocity, Acc+∞ SInv}
    30 | D        | Found the +10 dark maul {crush}
    30 | D        | Found the +15 Maxwell's patent armour {-Cast -Tele rElec
                  | MR+ rCorr}
    30 | D        | Found the +18 shield of the Gong {rElec rN+ MR+ EV-5}
    30 | D        | Found the cursed +14 obsidian axe {chop, +Fly SInv *Curse}
    43 | D        | Found the +6 shillelagh "Devastator" {shatter}
    43 | D        | Found the +11 plutonium sword {*Contam Stlth-}
    43 | D        | Found the +8 lance "Wyrmbane" {slay drac, rPois rF+ rC+
                  | AC+3}
    43 | D        | Found the +9 sword of Zonguldrok {reap}
    43 | D        | Found the cursed +13 scythe of Curses {drain, *Curse}
    43 | D        | Found the +0 sword of Power
    43 | D        | Found the +7 mace of Variability {chain chaos}
    43 | D        | Found the +7 Singing Sword {slice, sonic wave}
    43 | D        | Found the +8 storm bow {elec, penet}
    46 | D        | Became a worshipper of Warmaster Okawaru
    59 | D        | Reached XP level 2. HP: 23/23 MP: 2/2
    65 | D        | Entered arena 2.
    65 | D        | Found a transporter.
    76 | D        | Entered arena 3.
    76 | D        | Noticed a hell hound
    76 | D        | Found a transporter.
    81 | D        | Reached skill level 5 in Fighting
    81 | D        | Reached skill level 5 in Dodging
    81 | D        | Reached skill level 5 in Shields
    81 | D        | Reached XP level 3. HP: 29/29 MP: 3/3
    82 | D        | Killed a hell hound
    82 | D        | Reached * piety under Okawaru
    82 | D        | Reached XP level 4. HP: 19/36 MP: 4/4
    82 | D        | Reached XP level 5. HP: 23/42 MP: 5/5
   220 | D        | Got the cursed ring of Ytut {rElec Str-3}
   224 | D        | Got the Reference Book on Confrontation and the Traveller
   228 | D        | Got the +8 rapier "Fatid" {drain, rElec Int+7}
   231 | D        | Entered arena 4.
   231 | D        | Noticed a wolf
   231 | D        | Noticed a yak
   231 | D        | Found a transporter.
   236 | D        | Killed a wolf
   236 | D        | Reached XP level 6. HP: 49/49 MP: 6/6
   237 | D        | Killed a yak
   237 | D        | Reached ** piety under Okawaru
   276 | D        | Entered arena 5.
   276 | D        | Noticed a ynoxinul
   276 | D        | Found a transporter.
   279 | D        | Killed a ynoxinul
   279 | D        | Reached XP level 7. HP: 56/56 MP: 7/7
   285 | D        | Got the amulet of the Quahog {+Rage +Inv rElec rPois Str-3}
   288 | D        | Entered arena 6.
   288 | D        | Noticed a purple ugly thing
   288 | D        | Noticed a basilisk
   288 | D        | Noticed a red ugly thing
   288 | D        | Found a transporter.
   293 | D        | Reached skill level 1 in Invocations
   293 | D        | Reached skill level 1 in Evocations
   293 | D        | Noticed a troll
   293 | D        | a basilisk changed into a troll
   295 | D        | Killed a purple ugly thing
   295 | D        | Reached *** piety under Okawaru
   295 | D        | Reached skill level 4 in Invocations
   295 | D        | Reached XP level 8. HP: 30/63 MP: 5/11
   295 | D        | Killed a red ugly thing
   295 | D        | Reached **** piety under Okawaru
   295 | D        | Reached skill level 5 in Invocations
   295 | D        | Reached skill level 5 in Evocations
   297 | D        | Killed a troll
   297 | D        | Reached skill level 6 in Invocations
   509 | D        | Entered arena 7.
   510 | D        | Found a transporter.
   521 | D        | Got Sif Muna's Disquisition on Evil Lightness
   616 | D        | Entered arena 8.
   616 | D        | Noticed a yaktaur captain
   616 | D        | Noticed a yaktaur
   616 | D        | Noticed a yaktaur
   616 | D        | Noticed a centaur warrior
   616 | D        | Noticed a cyclops
   618 | D        | Found a transporter.
   622 | D        | Killed a yaktaur
   622 | D        | Reached ***** piety under Okawaru
   622 | D        | Reached skill level 7 in Invocations
   622 | D        | Reached XP level 9. HP: 70/70 MP: 8/14
   624 | D        | Killed a yaktaur captain
   627 | D        | Killed a yaktaur
   627 | D        | Reached skill level 8 in Invocations
   630 | D        | Killed a cyclops
   630 | D        | Reached skill level 10 in Fighting
   630 | D        | Reached skill level 10 in Dodging
   630 | D        | Reached skill level 10 in Shields
   633 | D        | Killed a centaur warrior
   633 | D        | Reached skill level 10 in Axes
   633 | D        | Reached skill level 9 in Invocations
   636 | D        | Got the ring "Taugaoc" {rElec SInv Stlth+}
   658 | D        | Entered arena 9.
   658 | D        | Noticed a naga mage
   659 | D        | Found a transporter.
   664 | D        | Received a gift from Okawaru
   664 | D        | Reached XP level 10. HP: 76/77 MP: 11/16
   668 | D        | Killed a naga mage
   694 | D        | Gained mutation: Potions are less effective at restoring
                  | your health. [mutagenic glow]
   704 | D        | Entered arena 10.
   705 | D        | Found a transporter.
   708 | D        | Reached skill level 10 in Invocations
   708 | D        | Reached skill level 10 in Evocations
   709 | D        | Reached skill level 1 in Spellcasting
   717 | D        | Got the ring "Nilo" {*Slow rElec rF+ rCorr Int+3 Dex+3}
   823 | D        | Gained mutation: Your spells are a little easier to cast,
                  | but a little less powerful. [mutagenic glow]
   826 | D        | Entered arena 11.
   826 | D        | Noticed a starcursed mass
   826 | D        | Noticed a starcursed mass
   827 | D        | Found a transporter.
   829 | D        | Paralysed by accursed screaming for 2 turns
   833 | D        | Killed a starcursed mass
   834 | D        | Killed a starcursed mass
   836 | D        | Killed a starcursed mass
   838 | D        | Killed a starcursed mass
   839 | D        | Killed a starcursed mass
   846 | D        | Killed a starcursed mass
   869 | D        | Got the Handbook of the Ashen Blaze
  1087 | D        | Entered arena 12.
  1087 | D        | Noticed a worldbinder
  1087 | D        | Noticed a thrashing horror
  1090 | D        | Noticed a large abomination
  1094 | D        | Killed a worldbinder
  1094 | D        | Reached skill level 11 in Invocations
  1096 | D        | Killed a thrashing horror
  1096 | D        | Reached XP level 11. HP: 83/83 MP: 12/19
  1101 | D        | Killed a large abomination
  1104 | D        | Found a transporter.
  1172 | D        | Got the Papyrus of Torrid Air
  1181 | D        | Entered arena 13.
  1181 | D        | Identified the ring "Uriept" {rPois rF+ Str-5 Stlth-}
  1181 | D        | Noticed a vampire knight
  1181 | D        | Identified the amulet "Nidam" {Acrobat Str+2 Dex+2}
  1183 | D        | Noticed a lich
  1186 | D        | Found a transporter.
  1189 | D        | Reached skill level 12 in Invocations
  1193 | D        | Killed a vampire knight
  1195 | D        | Killed a lich
  1195 | D        | Reached ****** piety under Okawaru
  1195 | D        | Reached skill level 5 in Spellcasting
  1227 | D        | Entered arena 14.
  1228 | D        | Noticed a vault guard
  1228 | D        | Noticed a yaktaur captain
  1228 | D        | Noticed a vault guard
  1228 | D        | Noticed a vault guard
  1228 | D        | Noticed a lich
  1229 | D        | Noticed a vault guard
  1229 | D        | Noticed a shadow dragon
  1229 | D        | Noticed a yaktaur captain
  1229 | D        | Noticed a vault guard
  1229 | D        | Noticed a vault guard
  1229 | D        | Noticed a vault guard
  1232 | D        | Found a transporter.
  1237 | D        | Killed a vault guard
  1237 | D        | Received a gift from Okawaru
  1237 | D        | Reached skill level 13 in Invocations
  1237 | D        | Killed a vault guard
  1238 | D        | Killed a lich
  1238 | D        | Reached XP level 12. HP: 91/91 MP: 10/22
  1241 | D        | Killed a vault guard
  1243 | D        | Killed a vault guard
  1244 | D        | Killed a vault guard
  1244 | D        | Killed a vault guard
  1249 | D        | Killed a vault guard
  1252 | D        | Killed a yaktaur captain
  1252 | D        | Received a gift from Okawaru
  1252 | D        | Reached skill level 14 in Invocations
  1256 | D        | Killed a shadow dragon
  1264 | D        | Killed a yaktaur captain
  1297 | D        | Got the +8 chain mail of the Eight Boll Weevils {rElec}
  1299 | D        | Got the Tome of Cold
  1370 | D        | Entered arena 15.
  1370 | D        | Identified the cursed +3 short sword "Duraenoo" {drain,
                  | rElec Dex+4}
  1370 | D        | Identified the ring "Ityukagh" {rElec rC+ Int+6 Stlth+}
  1370 | D        | Noticed a vampire mage
  1370 | D        | Noticed a vampire knight
  1378 | D        | Killed a vampire mage
  1381 | D        | Noticed a lich
  1382 | D        | Found the +3 pair of gauntlets of War {Slay+5}
  1388 | D        | Found a transporter.
  1394 | D        | Killed a lich
  1394 | D        | Reached XP level 13. HP: 50/99 MP: 17/25
  1398 | D        | Killed a vampire knight
  1402 | D        | Reached skill level 15 in Invocations
  1658 | D        | Entered arena 16.
  1659 | D        | Noticed a greater mummy
  1661 | D        | Noticed a mummy priest
  1662 | D        | Found the macabre finger necklace {rN+}
  1662 | D        | Found a transporter.
  1673 | D        | Killed a greater mummy
  1673 | D        | Received a gift from Okawaru
  1675 | D        | Killed a mummy priest
  1706 | D        | Got Sif Muna's Collected Works on Curses and Creation
  1988 | D        | Entered arena 17.
  1991 | D        | Noticed Snorg
  1991 | D        | Noticed Pikel
  1991 | D        | Noticed Edmund
  1991 | D        | Noticed Purgy
  1992 | D        | Found the +2 pair of boots of the Assassin {Detection Stab+
                  | Stlth++}
  1992 | D        | Noticed Nessos
  1992 | D        | Noticed Aizul
  1992 | D        | Noticed Louise
  1992 | D        | Noticed Prince Ribbit
  1992 | D        | Noticed Psyche
  1992 | D        | Noticed Blork the orc
  1992 | D        | Noticed Grinder
  1992 | D        | Noticed Frances
  1993 | D        | Found the +4 skin of Zhor {Hibernate rC+++ SInv}
  1993 | D        | Found a transporter.
  1998 | D        | Killed Pikel
  1998 | D        | Reached skill level 1 in Fire Magic
  1999 | D        | Killed Grinder
  1999 | D        | Reached skill level 10 in Spellcasting
  1999 | D        | Killed Prince Ribbit
  2001 | D        | Killed Psyche
  2006 | D        | Killed Aizul
  2006 | D        | Killed Snorg
  2006 | D        | Reached skill level 5 in Fire Magic
  2007 | D        | Killed Frances
  2007 | D        | Reached skill level 16 in Invocations
  2008 | D        | Killed Purgy
  2009 | D        | Killed Edmund
  2012 | D        | Killed Nessos
  2012 | D        | Killed Blork the orc
  2016 | D        | Killed Louise
  2025 | D        | Learned a level 3 spell: Regeneration
  2279 | D        | Entered arena 18.
  2282 | D        | Noticed a dire elephant
  2284 | D        | Noticed a dire elephant
  2284 | D        | Noticed a thorn hunter
  2285 | D        | Found the +1 cloak of Starlight {rElec rC+ EV+4 Stlth--}
  2285 | D        | Identified a ring of the Octopus King {Wiz AC+1 EV+1 Str+1
                  | Int+1 Dex+1}
  2289 | D        | Reached XP level 14. HP: 107/107 MP: 17/28
  2291 | D        | Reached skill level 15 in Fighting
  2292 | D        | Reached skill level 15 in Shields
  2294 | D        | Reached skill level 15 in Axes
  2294 | D        | Reached skill level 15 in Dodging
  2294 | D        | Reached skill level 10 in Fire Magic
  2300 | D        | Killed a dire elephant
  2300 | D        | Received a gift from Okawaru
  2307 | D        | Killed a thorn hunter
  2312 | D        | Mangled by a shambling mangrove

Levels and vault maps discovered:
D:        sprint_v [room_start, room_1, room_2, room_3, room_4, room_5, room_6,
          room_7, room_8, room_9, room_10, room_11, room_12, room_13, room_14,
          room_15, room_16, room_17, room_18, room_19, room_20, room_21,
          room_22, room_23, room_24, room_25, room_26, room_27]

Skill      XL: |  1  2  3  4  5  6  7  8  9 10 11 12 13 14 |
---------------+-------------------------------------------+-----
Fighting       | 4 5 6 7 8 9 10 11 12 13 14 15 | 15.3
Axes           | 4 6 8 9 10 12 13 14 15 | 15.3
Dodging        | 4 5 6 8 9 10 11 12 13 14 15 | 15.3
Shields        | 4 5 6 7 8 9 10 11 12 13 14 15 | 15.3
Invocations    | 4 7 9 11 13 14 16 | 16.6
Evocations     | 4 7 9 11 12 | 12.8
Spellcasting   | 3 6 8 10 11 | 11.2
Fire Magic     | 9 12 | 12.2

Action                   |  1- 3 |  4- 6 |  7- 9 | 10-12 | 13-15 || total
-------------------------+-------+-------+-------+-------+-------++-------
Melee: Broad axe         |     4 |     5 |    23 |    86 |    69 ||   187
       Tentacles         |     2 |     1 |     3 |    27 |    25 ||    58
       Constrict         |     1 |     1 |     1 |    15 |    11 ||    29
       Punch             |       |       |       |     7 |     3 ||    10
 Cast: Regeneration      |       |       |       |       |     1 ||     1
Invok: Heroism           |       |       |     3 |     6 |     5 ||    14
       Finesse           |       |       |       |     3 |     2 ||     5
 Abil: Evoke Invisibilit |       |       |     3 |     3 |     3 ||     9
       Evoke Berserk Rag |       |       |     1 |     4 |     3 ||     8
  Use: Potion            |     1 |       |       |       |     1 ||     2
 Stab: Sleeping          |     2 |       |       |       |       ||     2
       Invisible         |       |       |     5 |     2 |    18 ||    25
       Distracted        |       |       |       |     3 |       ||     3
  Eat: Chunk             |       |       |     1 |     2 |     4 ||     7
       Ration            |       |       |       |     1 |     1 ||     2
Armor: Skin              |       |       |       |     1 |       ||     1
Dodge: Dodged            |     1 |     2 |    13 |    29 |    13 ||    58
Block: Shield            |     2 |    10 |    43 |   107 |    48 ||   210
